[Event "Titled Tuesday Blitz November 2 2021"]
[White "Narayanan.S.L"]
[Black "Smirnov, Pavel"]
[WhiteFideId "5058422"]
[BlackFideId "4123425"]
[WhiteElo "2570"]
[BlackElo "2571"]
[Result "0-1"]
[Round "08"]
[TimeControl "180+1"]
[Date "2021.11.02"]
[WhiteClock "0:00:06"]
[BlackClock "0:00:06"]

1. c4 e6 2. g3 d5 3. Bg2 Nf6 4. Nf3 Be7 5. O-O O-O 6. Ne5 Nbd7 7. d4 c6 8. Nc3 Nxe5 9. dxe5 Nd7 10. cxd5 exd5 11. f4 Nc5 12. Be3 f6 13. exf6 Rxf6 14. Bd4 Rf8 15. e4 dxe4 16. Nxe4 Nxe4 17. Bxe4 Bf5 18. Bxf5 Rxf5 19. Be5 Qb6+ 20. Kh1 Rf7 21. Re1 Rd8 22. Qe2 Bf6 23. Rad1 Re8 24. Qc4 Bxe5 25. Rxe5 Rf8 26. Rf5 Qc7 27. h4 Qc8 28. Rg5 Qh3+ 29. Kg1 h6 30. Rg6 Re8 31. Qf1 Qf5 32. Rgd6 Re3 33. Rd8+ Kh7 34. R8d3 Rfe7 35. Rxe3 Rxe3 36. Qf2 Qe4 37. Rf1 Re2 38. Qf3 Qxf3 39. Rxf3 Rxb2 40. a4 Ra2 41. Rb3 b6 42. Rc3 c5 43. Rc4 Kg6 44. g4 Kf6 45. h5 Rb2 46. Rc3 Rb4 47. Rf3 Rxa4 48. Kg2 Rd4 49. Kg3 c4 50. Kh4 Rd3 51. g5+ Kf5 52. gxh6 gxh6 53. Re3 Rd4 54. Re7 Rxf4+ 55. Kh3 Kg5 56. Rxa7 Kxh5 57. Rc7 Rf5 58. Rxc4 b5 59. Rb4 Kg6 60. Kg4 h5+ 61. Kh4 Kf6 62. Rb1 Ke6 63. Rb2 Re5 64. Kg3 Rf5 65. Rb1 Kd6 66. Rb2 Kc6 67. Rb1 Kc5 68. Rc1+ Kb4 69. Rb1+ Kc3 70. Rc1+ Kb2 71. Rf1 Rxf1 0-1


[Site "https://www.chess.com"]

[Event "Titled Tuesday Blitz November 2 2021"]
[White "Narayanan, Srinath"]
[Black "Harshavardhan G B"]
[WhiteFideId "5018420"]
[BlackFideId "25059009"]
[WhiteElo "2472"]
[BlackElo "1825"]
[Result "1-0"]
[Round "08"]
[TimeControl "180+1"]
[Date "2021.11.02"]
[WhiteClock "0:02:08"]
[BlackClock "0:01:29"]

1. Nf3 c5 2. c4 Nf6 3. b3 g6 4. Bb2 Bg7 5. g3 b6 6. Bg2 Bb7 7. O-O O-O 8. d4 cxd4 9. Qxd4 d5 10. Rd1 Nc6 11. Qh4 Qc8 12. cxd5 Nb8 13. d6 Re8 14. Na3 Nbd7 15. Nb5 Qc2 16. Rd2 Qf5 17. Nfd4 1-0


[Site "https://www.chess.com"]

[Event "Titled Tuesday Blitz November 2 2021"]
[White "Naroditsky, Daniel"]
[Black "Andreikin, Dmitry"]
[WhiteFideId "2026961"]
[BlackFideId "4158814"]
[WhiteElo "2608"]
[BlackElo "2736"]
[Result "1/2-1/2"]
[Round "08"]
[TimeControl "180+1"]
[Date "2021.11.02"]
[WhiteClock "0:00:42"]
[BlackClock "0:00:39"]

1. e4 g6 2. d4 Bg7 3. Nc3 c6 4. Be3 Nf6 5. f3 d6 6. Qd2 b5 7. Bh6 Bxh6 8. Qxh6 Qa5 9. Bd3 b4 10. Nd1 b3+ 11. Nc3 bxc2 12. Bxc2 Na6 13. Ne2 Nb4 14. Bb1 Ba6 15. O-O Rb8 16. a3 Nd3 17. Bxd3 Bxd3 18. b4 Qh5 19. Qe3 Bxe2 20. Nxe2 O-O 21. Rac1 a5 22. bxa5 Rfc8 23. e5 Nd5 24. Qe4 Ra8 25. Nf4 Nxf4 26. Qxf4 dxe5 27. dxe5 Rxa5 28. e6 fxe6 29. Qb4 Kf7 30. Rfe1 Qb5 31. Qh4 Qh5 32. Qe4 Qf5 33. Qh4 Qh5 34. Qe4 Qf5 35. Qh4 Qh5 1/2-1/2


[Site "https://www.chess.com"]

[Event "Titled Tuesday Blitz November 2 2021"]
[White "Ovchinnikov, Vsevolod"]
[Black "Schmakel, Sam"]
[WhiteFideId "24176842"]
[BlackFideId "2039311"]
[WhiteElo "2376"]
[BlackElo "2356"]
[Result "0-1"]
[Round "08"]
[TimeControl "180+1"]
[Date "2021.11.02"]
[WhiteClock "0:00:12"]
[BlackClock "0:00:05"]

1. d4 Nf6 2. c4 g6 3. Nc3 d5 4. Nf3 Bg7 5. h4 c6 6. Bg5 O-O 7. e3 Bf5 8. Bxf6 Bxf6 9. cxd5 cxd5 10. Qb3 e6 11. Qxb7 Nd7 12. Bb5 Nb6 13. h5 Qd6 14. Qa6 Qb4 15. Qa3 a5 16. hxg6 hxg6 17. O-O Rfc8 18. Rfc1 Qxa3 19. bxa3 Nc4 20. Bxc4 Rxc4 21. Nd2 Rcc8 22. Nb5 Be7 23. a4 Bd3 24. Nb3 Bc4 25. Nd2 Bd3 26. Rxc8+ Rxc8 27. Nb3 Rc4 28. Rc1 Rxa4 29. Nc3 Ra3 30. Nc5 Bc4 31. Rc2 Kf8 32. f4 Ke8 33. Kf2 Bxc5 34. dxc5 Kd7 35. g4 Kc6 36. g5 Kxc5 37. Kf3 Kb4 38. Nd1 Rxa2 39. Rc1 a4 40. Nf2 a3 41. Ng4 Rb2 42. Ne5 a2 43. Nc6+ Ka3 44. Ra1 Rb1 0-1


[Site "https://www.chess.com"]

[Event "Titled Tuesday Blitz November 2 2021"]
[White "Papasimakopoulos, Alexandros"]
[Black "Lazavik, Denis"]
[WhiteFideId "4244125"]
[BlackFideId "13515110"]
[WhiteElo "2352"]
[BlackElo "2436"]
[Result "1-0"]
[Round "08"]
[TimeControl "180+1"]
[Date "2021.11.02"]
[WhiteClock "0:00:09"]
[BlackClock "0:00:03"]

1. d4 Nf6 2. c4 e6 3. Nc3 Bb4 4. Qc2 O-O 5. a3 Bxc3+ 6. Qxc3 d5 7. Bg5 c5 8. cxd5 cxd4 9. Qxd4 Nc6 10. Qd2 exd5 11. Nf3 h6 12. Bxf6 Qxf6 13. e3 Rd8 14. Rd1 Bg4 15. Be2 d4 16. O-O dxe3 17. Qxe3 Qxb2 18. Rb1 Qa2 19. Rxb7 Re8 20. Qf4 Rxe2 21. Qxg4 Re6 22. Qf4 Rf6 23. Qe3 Rd8 24. h3 Qd5 25. Rc1 Nd4 26. Nxd4 Qxb7 27. Nf3 Re6 28. Qc5 Rd5 29. Qc4 Red6 30. Qc2 Rg6 31. Kh1 Rdd6 32. Qe2 Rde6 33. Qd3 Rgf6 34. Rd1 g6 35. Rc1 Rd6 36. Qe3 Kg7 37. Qe5 Re6 38. Qd4 Qb6 39. Qc3 Qxf2 40. Ne5 h5 41. Nd7 Qf4 42. Nxf6 Rxf6 43. Re1 Kh7 44. Qb3 Qd6 45. a4 Kg7 46. Qc3 Kh7 47. Qb3 Qd4 48. Rd1 Qe5 49. Qc2 Kg7 50. Qb3 Qe2 51. Rg1 a5 52. Qc3 Qe4 53. Qxa5 g5 54. Qxg5+ Rg6 55. Qxh5 Qxa4 56. Qe5+ Kh7 57. Rf1 Qc4 58. Qh5+ Kg7 59. Qf3 Qe6 60. Qf4 Kg8 61. Rf2 Kg7 62. Kh2 Qd6 63. Qxd6 Rxd6 64. Re2 Rg6 65. Rf2 Ra6 66. g4 Ra3 67. Kg2 f6 68. Rf3 Ra4 69. Kg3 Kg6 70. h4 Ra5 71. Rc3 Rb5 72. Rc4 Rb1 73. Rc3 Rb4 74. Rf3 Ra4 75. Re3 Kg7 76. Kf3 Rb4 77. Re4 Rb1 78. Rd4 Rf1+ 79. Ke4 Kf7 80. Rd3 Kg6 81. Rf3 Re1+ 82. Kf4 Ra1 83. h5+ Kg7 84. Re3 Ra4+ 85. Re4 Ra5 86. Rb4 Kf7 87. Rb7+ Kf8 88. h6 Kg8 89. Rg7+ Kh8 90. Rf7 Ra6 91. Kf5 Kg8 92. Rxf6 Ra7 93. g5 Kh7 94. Re6 Ra5+ 95. Kf6 Ra8 96. Re7+ Kh8 97. g6 Rf8+ 98. Ke6 Ra8 99. Rd7 Re8+ 100. Kd6 Ra8 101. Ke7 Rg8 102. Rd8 Rxd8 103. Kxd8 Kg8 104. Ke7 Kh8 105. g7+ Kg8 106. Kf6 Kh7 107. Kf7 1-0


[Site "https://www.chess.com"]

[Event "Titled Tuesday Blitz November 2 2021"]
[White "Pichot, Alan"]
[Black "Sorokin, Aleksey"]
[WhiteFideId "110973"]
[BlackFideId "24176460"]
[WhiteElo "2600"]
[BlackElo "2476"]
[Result "1-0"]
[Round "08"]
[TimeControl "180+1"]
[Date "2021.11.02"]
[WhiteClock "0:02:48"]
[BlackClock "0:01:30"]

1. e4 c5 2. Nf3 d6 3. d4 cxd4 4. Nxd4 Nf6 5. Nc3 a6 6. Bg5 Nbd7 7. Bc4 Qb6 8. Bb3 e6 9. Qd2 Be7 10. O-O-O Nc5 11. Rhe1 Bd7 12. Nf5 exf5 13. exf5 Nxb3+ 14. axb3 Bc6 15. Bxf6 gxf6 16. Rxe7+ 1-0


[Site "https://www.chess.com"]

[Event "Titled Tuesday Blitz November 2 2021"]
[White "Rasulov, Vugar"]
[Black "Skatchkov, Valery"]
[WhiteFideId "13402390"]
[BlackFideId "24195812"]
[WhiteElo "2560"]
[BlackElo "2195"]
[Result "1-0"]
[Round "08"]
[TimeControl "180+1"]
[Date "2021.11.02"]
[WhiteClock "0:01:13"]
[BlackClock "0:00:02"]

1. d4 Nf6 2. c4 e6 3. Nf3 b6 4. g3 Bb7 5. Bg2 Be7 6. O-O O-O 7. Re1 Na6 8. a3 c5 9. d5 exd5 10. Nh4 Ne4 11. cxd5 Bxh4 12. Bxe4 Bf6 13. Nc3 d6 14. Qc2 g6 15. Bg2 c4 16. Ne4 Rc8 17. Bf4 Be7 18. Bh6 Re8 19. Qc3 f6 20. Bh3 Bxd5 21. Bxc8 Nc7 22. Bh3 Bxe4 23. Qxc4+ d5 24. Qc6 g5 25. Rad1 Kf7 26. f3 Bc5+ 27. Kh1 Bc2 28. Rd2 Bg6 29. e4 d4 30. b4 Be7 31. Red1 Bh5 32. g4 Bg6 33. Rxd4 Qb8 34. Bf1 b5 35. Rd7 Ne6 36. Bxb5 Qf4 37. Qxe6+ Kxe6 38. Bc4+ Ke5 39. R7d5+ Ke6 40. Rxg5# 1-0


[Site "https://www.chess.com"]

[Event "Titled Tuesday Blitz November 2 2021"]
[White "Rodchenkov, Vitaly"]
[Black "Borsuk, Konstantin"]
[WhiteFideId "4152964"]
[BlackFideId "14113406"]
[WhiteElo "2337"]
[BlackElo "2397"]
[Result "1-0"]
[Round "08"]
[TimeControl "180+1"]
[Date "2021.11.02"]
[WhiteClock "0:00:53"]
[BlackClock "0:00:34"]

1. Nf3 c5 2. b3 Nf6 3. Bb2 g6 4. g3 Bg7 5. c4 O-O 6. Bg2 a6 7. O-O b5 8. d3 Qb6 9. Nc3 e6 10. Qc2 Nc6 11. a3 Rb8 12. Rab1 d6 13. Rfd1 Bb7 14. Ne4 e5 15. Nfg5 Nxe4 16. Nxe4 Nd4 17. Bxd4 exd4 18. b4 cxb4 19. Rxb4 d5 20. cxd5 Bxd5 21. Nf6+ Bxf6 22. Bxd5 Rfc8 23. Qb2 Rc3 24. a4 Qc5 25. Bf3 Be7 26. Rb3 b4 27. Rxc3 Qxc3 28. Rb1 a5 29. Bd5 Kg7 30. Qb3 f5 31. Kg2 Bg5 32. Bc4 Re8 33. Kf1 h5 34. h4 Bd2 35. Bb5 Qxb3 36. Rxb3 f4 37. Bxe8 1-0


[Site "https://www.chess.com"]

[Event "Titled Tuesday Blitz November 2 2021"]
[White "Sanchez Alvares, Kelvin Antonio"]
[Black "Timofeev, Artyom"]
[WhiteFideId "3906680"]
[BlackFideId "4140419"]
[WhiteElo "2193"]
[BlackElo "2591"]
[Result "0-1"]
[Round "08"]
[TimeControl "180+1"]
[Date "2021.11.02"]
[WhiteClock "0:00:12"]
[BlackClock "0:00:32"]

1. d4 Nf6 2. c4 b6 3. Nc3 Bb7 4. f3 d5 5. cxd5 Nxd5 6. e4 Nxc3 7. bxc3 e6 8. Bb5+ c6 9. Bd3 Be7 10. Ne2 O-O 11. O-O c5 12. Be3 Nd7 13. Qd2 Rc8 14. a4 Qc7 15. Rfc1 e5 16. Bb5 Rfd8 17. d5 c4 18. a5 Nc5 19. axb6 axb6 20. Bxc4 Nxe4 21. fxe4 Qxc4 22. Ng3 b5 23. Ra7 Rb8 24. Qe2 Qxe2 25. Nxe2 Bd6 26. c4 bxc4 27. Rxc4 Rdc8 28. Rxc8+ Bxc8 29. Kf2 Kf8 30. Nc1 f5 31. Nd3 fxe4 32. Bc5 Rb2+ 33. Ke3 exd3 34. Bxd6+ Ke8 35. Rxg7 d2 36. Ke2 Ba6+ 37. Kd1 Bc4 38. Rg8+ Kd7 39. Rb8 Bb3+ 40. Rxb3 Rxb3 41. Bxe5 Rb5 42. Bf4 Rxd5 43. Bxd2 Ke6 44. Ke2 Kf5 45. Be3 Ke4 46. Bf2 Ra5 47. Be1 Ra2+ 48. Bd2 h5 49. g3 Kd4 50. h3 Ke4 51. g4 h4 52. g5 Kf5 53. Kd1 Ra3 0-1


[Site "https://www.chess.com"]

[Event "Titled Tuesday Blitz November 2 2021"]
[White "Shkapenko, Pavel"]
[Black "Weetik, Vjacheslav"]
[WhiteFideId "4151933"]
[BlackFideId "4153472"]
[WhiteElo "2386"]
[BlackElo "2469"]
[Result "0-1"]
[Round "08"]
[TimeControl "180+1"]
[Date "2021.11.02"]
[WhiteClock "0:00:18"]
[BlackClock "0:00:08"]

1. e4 c6 2. d4 d5 3. e5 Bf5 4. h4 Qb6 5. Nc3 h6 6. Na4 Qc7 7. Bd3 Bxd3 8. Qxd3 e6 9. c4 dxc4 10. Qe4 Nd7 11. Nc3 Ne7 12. h5 Nd5 13. Nge2 Be7 14. Rh3 O-O-O 15. a3 N7b6 16. Rg3 Rhg8 17. Bd2 Kb8 18. Kf1 c5 19. Be1 Qc6 20. Qh7 Bg5 21. Rd1 Nxc3 22. bxc3 Nd5 23. Qc2 f5 24. exf6 Bxf6 25. Kg1 cxd4 26. Nxd4 Bxd4 27. Rxd4 e5 28. Re4 Nf4 29. Rxe5 Rge8 30. Ree3 Rxe3 31. fxe3 Nxh5 32. Rf3 Nf6 33. Bg3+ Ka8 34. Be5 Ne4 35. Bd4 g5 36. Qb1 Nd2 37. Qb4 Nxf3+ 38. gxf3 b6 39. Qe7 Rd7 40. Qe8+ Kb7 41. Kg2 g4 42. e4 gxf3+ 43. Kxf3 Rxd4 44. Qxc6+ Kxc6 45. cxd4 c3 46. Ke3 h5 47. Kd3 h4 48. e5 Kd5 49. Kxc3 h3 0-1


[Site "https://www.chess.com"]

[Event "Titled Tuesday Blitz November 2 2021"]
[White "Sokolovsky, Yahli"]
[Black "Gaehwiler, Gabriel"]
[WhiteFideId "2820242"]
[BlackFideId "1314530"]
[WhiteElo "1770"]
[BlackElo "2320"]
[Result "0-1"]
[Round "08"]
[TimeControl "180+1"]
[Date "2021.11.02"]
[WhiteClock "0:00:01"]
[BlackClock "0:00:22"]

1. b3 Nf6 2. Bb2 b6 3. e3 Bb7 4. c4 g6 5. Bxf6 exf6 6. Nc3 Bg7 7. Rc1 f5 8. d4 Nc6 9. Nf3 Ne7 10. Be2 O-O 11. O-O d6 12. d5 Kh8 13. Nd4 Ng8 14. Bf3 Nf6 15. g3 Re8 16. Qc2 Nd7 17. Bg2 Qf6 18. Ncb5 Rec8 19. Rce1 a6 20. Nc3 Re8 21. Nce2 Nc5 22. Nf4 Bh6 23. Nd3 Nd7 24. Re2 Re7 25. Nb4 Nc5 26. Rfe1 Bg7 27. Nd3 Nd7 28. Nf4 Ree8 29. h4 Nc5 30. Nd3 Nd7 31. Kh2 Kg8 32. Nf4 Ne5 33. Kg1 Ng4 34. Nc6 Bh6 35. Nd3 Kg7 36. Nd4 Re7 37. Nb4 Ree8 38. Nbc6 a5 39. Nb5 Rac8 40. Ncd4 Ne5 41. e4 f4 42. Qc3 Kg8 43. Nf3 Bg7 44. Nxe5 Rxe5 45. Qf3 Bh6 46. gxf4 Qxf4 47. Qxf4 Bxf4 48. Bf3 h5 49. Nd4 Rce8 50. Kg2 Kg7 51. Rh1 Bh6 52. Nb5 R5e7 53. Nd4 Kh7 54. Rhe1 Bg7 55. Nb5 Bf6 56. Kh3 Bc8+ 57. Kg3 Be5+ 58. Kg2 Rg8 59. Rh1 Kg7 60. Kf1 Kh6 61. Ke1 Bf4 62. Kd1 Rge8 63. Nd4 Bd7 64. Kc2 Be5 65. Kd3 Ra8 66. a4 Ree8 67. Rg1 Rg8 68. Rh1 Kg7 69. Ree1 Kf6 70. Reg1 Rh8 71. Be2 Rae8 72. Nf3 Bf4 73. Nd4 Ke7 74. Nf3 Kd8 75. Ng5 Re7 76. Bf1 Rhe8 77. f3 Be5 78. Bh3 Bf6 79. Bxd7 Kxd7 80. Re1 Be5 81. Rhf1 Bg3 82. Re2 Bxh4 83. Nh3 Bf6 84. f4 Bg7 85. Ng5 Bh6 86. Nh3 Kd8 87. Rfe1 Kd7 88. e5 Bg7 89. Kd4 c5+ 90. dxc6+ Kxc6 91. Ng5 dxe5+ 92. fxe5 f6 93. Nf3 fxe5+ 94. Ke4 Rf8 0-1


[Site "https://www.chess.com"]

[Event "Titled Tuesday Blitz November 2 2021"]
[White "Svane, Frederik"]
[Black "Alavi, Sayed Javad"]
[WhiteFideId "12923044"]
[BlackFideId "12500607"]
[WhiteElo "2459"]
[BlackElo "2495"]
[Result "1-0"]
[Round "08"]
[TimeControl "180+1"]
[Date "2021.11.02"]
[WhiteClock "0:00:07"]
[BlackClock "0:00:02"]

1. e4 e5 2. Nf3 Nc6 3. Bb5 a6 4. Ba4 d6 5. O-O Bd7 6. d4 exd4 7. Nxd4 g6 8. Nxc6 bxc6 9. Qd4 f6 10. Qc4 d5 11. exd5 cxd5 12. Re1+ Ne7 13. Qd4 Bxa4 14. Qxa4+ Qd7 15. Qd4 Kf7 16. c4 Bg7 17. Nc3 f5 18. Qd3 d4 19. Bg5 Rhe8 20. c5 Rad8 21. Qc4+ Kf8 22. Rad1 h6 23. c6 Qd6 24. Re6 hxg5 25. Rxd6 Rxd6 26. Na4 Rxc6 27. Nc5 Bf6 28. Re1 Kg7 29. Ne6+ Kh6 30. Qb3 g4 31. h3 Nc8 32. hxg4 fxg4 33. g3 Rd6 34. Kg2 Rexe6 35. Rxe6 Kg7 36. Rxd6 Nxd6 37. Qe6 Nf7 38. Qxg4 Be5 39. Qd7 Kf6 40. f4 Bd6 41. Kf3 1-0


[Site "https://www.chess.com"]

[Event "Titled Tuesday Blitz November 2 2021"]
[White "Sychev, Klementy"]
[Black "Rostovtsev, Dmitry"]
[WhiteFideId "4114060"]
[BlackFideId "34278320"]
[WhiteElo "2615"]
[BlackElo "2294"]
[Result "0-1"]
[Round "08"]
[TimeControl "180+1"]
[Date "2021.11.02"]
[WhiteClock "0:01:24"]
[BlackClock "0:01:24"]

1. b3 d5 2. Bb2 Nf6 3. Nf3 Bf5 4. Nh4 Bg4 5. h3 Bh5 6. g4 Bg6 7. d3 e6 8. e3 Bb4+ 9. Nd2 Nc6 10. a3 Bd6 11. Qe2 Qe7 12. Bg2 Be5 13. c3 Bd6 14. f4 O-O-O 0-1


[Site "https://www.chess.com"]

[Event "Titled Tuesday Blitz November 2 2021"]
[White "Urazayev, Arystanbek"]
[Black "Martinez Alcantara, Jose Eduardo"]
[WhiteFideId "13709810"]
[BlackFideId "3805662"]
[WhiteElo "2321"]
[BlackElo "2690"]
[Result "1/2-1/2"]
[Round "08"]
[TimeControl "180+1"]
[Date "2021.11.02"]
[WhiteClock "0:01:57"]
[BlackClock "0:00:46"]

1. e4 c5 2. Nf3 d6 3. d4 cxd4 4. Nxd4 Nf6 5. Nc3 a6 6. Rg1 e5 7. Nb3 h5 8. h3 Be6 9. g4 hxg4 10. hxg4 d5 11. exd5 Nxd5 12. Nxd5 Qxd5 13. Qxd5 Bxd5 14. Be3 Nc6 15. O-O-O O-O-O 16. Bb6 Rd7 17. a3 Be7 18. g5 Bxb3 19. cxb3 Rxd1+ 20. Kxd1 Nd4 21. Bxd4 exd4 22. Bc4 f6 23. Rg4 fxg5 24. Rxd4 Bf6 25. Rd2 Kc7 26. f3 Re8 27. Kc2 b5 28. Bf7 Re3 29. Bh5 Re6 30. b4 Rc6+ 31. Kb3 Re6 32. Bg4 Re3+ 33. Ka2 Kb6 34. Rc2 Rd3 35. Kb1 Rd1+ 36. Ka2 Rd4 37. Kb1 Rd6 38. Ka2 Be5 39. Re2 Bf4 40. Re6 1/2-1/2


[Site "https://www.chess.com"]

[Event "Titled Tuesday Blitz November 2 2021"]
[White "Wagner, Dennis"]
[Black "Gubajdullin, Alexei"]
[WhiteFideId "24650684"]
[BlackFideId "4141202"]
[WhiteElo "2355"]
[BlackElo "2268"]
[Result "1-0"]
[Round "08"]
[TimeControl "180+1"]
[Date "2021.11.02"]
[WhiteClock "0:00:03"]
[BlackClock "0:00:01"]

1. e4 d6 2. d4 g6 3. Nc3 Bg7 4. Nf3 Nf6 5. Be3 O-O 6. Qd2 Nc6 7. O-O-O Bg4 8. Kb1 Bxf3 9. gxf3 e5 10. dxe5 dxe5 11. Qc1 Qe7 12. h4 Rad8 13. Nd5 Nxd5 14. exd5 Nd4 15. h5 Nxf3 16. hxg6 fxg6 17. d6 cxd6 18. Bc4+ Rf7 19. Rh3 e4 20. Bf4 d5 21. Rxd5 Rc8 22. Bb3 Kh8 23. Qh1 Bxb2 24. Be3 Qf6 25. Rd6 Qxd6 26. Bxf7 h5 27. Bxg6 Qxg6 28. Rxh5+ Kg8 29. Kxb2 Qf6+ 30. Kb1 Rd8 31. Qg2+ Kf8 32. Bc5+ Ke8 33. Qg8+ Kd7 34. Rd5+ Kc8 35. Qg4+ Kc7 36. Qxe4 Rxd5 37. Qxd5 1-0


[Site "https://www.chess.com"]

[Event "Titled Tuesday Blitz November 2 2021"]
[White "Yeletsky, Ivan"]
[Black "Le, Tuan Minh"]
[WhiteFideId "24180327"]
[BlackFideId "12401153"]
[WhiteElo "2352"]
[BlackElo "2450"]
[Result "0-1"]
[Round "08"]
[TimeControl "180+1"]
[Date "2021.11.02"]
[WhiteClock "0:00:04"]
[BlackClock "0:00:04"]

1. e4 c5 2. Nc3 Nc6 3. Bb5 Nd4 4. Nf3 e6 5. O-O a6 6. Bd3 Nc6 7. e5 d6 8. exd6 Bxd6 9. Be4 Nge7 10. Re1 h6 11. b3 O-O 12. Bb2 Nd4 13. Nxd4 cxd4 14. Ne2 e5 15. d3 Nc6 16. c3 dxc3 17. Bxc3 Bg4 18. h3 Bh5 19. Bxc6 bxc6 20. Qd2 Re8 21. Ng3 Bg6 22. Re2 Bc7 23. Rae1 Qd5 24. Qb2 f6 25. Rd2 a5 26. Nf1 a4 27. Ne3 Qb5 28. d4 axb3 29. axb3 exd4 30. Rxd4 Rad8 31. Rg4 Kh7 32. Rc1 h5 33. Rc4 Bb8 34. Bd4 Qg5 35. Bc5 Be5 36. Qe2 Bd3 37. Qf3 Bxc4 38. bxc4 Bb8 39. Bb6 Rd6 40. h4 Qg6 41. g3 Rde6 42. Ng2 Qg4 43. Qd3+ Qe4 44. Qd1 Qf5 45. Be3 Be5 46. Qd2 Rd6 47. Qe2 Rb8 48. Kh2 Rb2 49. Qe1 Rd3 50. Rd1 Ra3 51. Ra1 Rxa1 52. Qxa1 Rxf2 53. Qb1 Qxb1 0-1


[Site "https://www.chess.com"]

[Event "Titled Tuesday Blitz November 2 2021"]
[White "Yuan, Qingyu"]
[Black "Ozen, Bahadir"]
[WhiteFideId "8609772"]
[BlackFideId "6337058"]
[WhiteElo "2359"]
[BlackElo "2503"]
[Result "0-1"]
[Round "08"]
[TimeControl "180+1"]
[Date "2021.11.02"]
[WhiteClock "0:00:03"]
[BlackClock "0:00:37"]

1. Nf3 d5 2. g3 c6 3. Bg2 Bg4 4. Ne5 Bf5 5. O-O Nd7 6. d4 e6 7. Bf4 Nxe5 8. Bxe5 Nf6 9. Nd2 Bd6 10. Nf3 O-O 11. c3 Bxe5 12. Nxe5 Qb6 13. Qb3 Rfd8 14. Qa3 Nd7 15. Nf3 Be4 16. Rac1 c5 17. Rfd1 Rac8 18. b3 h6 19. e3 Rc7 20. c4 Rdc8 21. cxd5 Bxd5 22. h4 a6 23. dxc5 Nxc5 24. Nd4 Bxg2 25. Kxg2 Ne4 26. Rxc7 Qxc7 27. Qb4 Nf6 28. Rd2 Nd5 29. Qa3 Qc5 30. Qb2 Qc1 31. Ne2 Qc6 32. Kh2 Nf6 33. Nd4 Qe4 34. Rc2 Rd8 35. Rc4 h5 36. Kg1 e5 37. Nf3 Qxf3 38. Rc1 Rd1+ 39. Rxd1 Qxd1+ 40. Kg2 Qd5+ 41. f3 e4 42. Qxf6 gxf6 43. fxe4 Qxe4+ 0-1


[Site "https://www.chess.com"]

[Event "Titled Tuesday Blitz November 2 2021"]
[White "Alavi, Sayed Javad"]
[Black "Gontcharov, Vladislav"]
[WhiteFideId "12500607"]
[BlackFideId "4123492"]
[WhiteElo "2495"]
[BlackElo "2503"]
[Result "1-0"]
[Round "09"]
[TimeControl "180+1"]
[Date "2021.11.02"]
[WhiteClock "0:00:54"]
[BlackClock "0:01:18"]

1. d4 Nf6 2. Nf3 c5 3. d5 e6 4. Nc3 exd5 5. Nxd5 Nxd5 6. Qxd5 d6 7. e4 Nc6 8. Ng5 Qc7 9. Bc4 Ne5 10. Bb5+ Bd7 11. Bxd7+ Qxd7 12. Bf4 Qc6 13. O-O-O Qxd5 14. Rxd5 Be7 15. Bxe5 Bxg5+ 16. f4 dxe5 17. fxg5 O-O 18. Rhd1 Rac8 19. Rxe5 Rfe8 20. Rxe8+ Rxe8 21. Rd7 Kf8 22. Rxb7 Rxe4 23. Rxa7 Re2 24. Rc7 Rxg2 25. Rxc5 Rxh2 26. a4 h5 27. gxh6 gxh6 28. a5 Kg7 29. b4 h5 30. a6 Rh1+ 31. Kb2 Rh4 32. Rb5 1-0


[Site "https://www.chess.com"]

[Event "Titled Tuesday Blitz November 2 2021"]
[White "Al-Tarboush, Ward"]
[Black "Aldokhin, Ivan"]
[WhiteFideId "7601450"]
[BlackFideId "24115720"]
[WhiteElo "2296"]
[BlackElo "2231"]
[Result "0-1"]
[Round "09"]
[TimeControl "180+1"]
[Date "2021.11.02"]
[WhiteClock "0:01:24"]
[BlackClock "0:00:30"]

1. e4 c5 2. Nf3 e6 3. d4 cxd4 4. Nxd4 a6 5. Bd3 Qc7 6. O-O Nf6 7. c4 Be7 8. Nc3 d6 9. b3 O-O 10. Bb2 b6 11. Qe2 Bb7 12. Rad1 Nbd7 13. Bb1 Rfe8 14. f4 Rad8 15. g4 g6 16. Nf3 Nxg4 17. Ng5 Bxg5 18. Qxg4 Bf6 19. f5 Ne5 20. Qg3 Qc5+ 21. Kh1 exf5 22. Nd5 Bxd5 23. Rxd5 Qc7 24. exf5 g5 25. h4 h6 26. Bc1 Qe7 27. Rg1 Kg7 28. hxg5 hxg5 29. Bxg5 Bxg5 30. Qxg5+ Qxg5 31. Rxg5+ Kf6 32. Rh5 Ng4 33. Bd3 Re1+ 34. Kg2 Ne3+ 35. Kf2 Nxd5 36. Kxe1 Nf4 37. Rh6+ Kg5 38. Rh3 Nxh3 0-1


[Site "https://www.chess.com"]

[Event "Titled Tuesday Blitz November 2 2021"]
[White "Andreikin, Dmitry"]
[Black "Zhigalko, Sergei"]
[WhiteFideId "4158814"]
[BlackFideId "13502956"]
[WhiteElo "2736"]
[BlackElo "2662"]
[Result "0-1"]
[Round "09"]
[TimeControl "180+1"]
[Date "2021.11.02"]
[WhiteClock "0:00:02"]
[BlackClock "0:00:08"]

1. d4 Nf6 2. c4 e6 3. Nf3 b6 4. a3 Ba6 5. Qc2 Bb7 6. Nc3 c5 7. Bg5 Bxf3 8. exf3 cxd4 9. Ne2 Nc6 10. Rd1 h6 11. Bh4 e5 12. f4 d6 13. g3 Be7 14. Qa4 Rc8 15. Bh3 Rc7 16. O-O O-O 17. Rfe1 Nd7 18. Bxe7 Nxe7 19. b4 Nf6 20. Nc1 Rxc4 21. fxe5 dxe5 22. Rxe5 Qc7 23. Ree1 Ned5 24. Qb3 Nc3 25. Rd3 a5 26. Bf1 a4 27. Qb2 Rd8 28. Rd2 Rc6 29. Bg2 Nce4 30. Rde2 Rc8 31. Nd3 Rc3 32. Rxe4 Rxd3 33. Rxd4 Qc3 34. Qxc3 Rcxc3 35. Rxd3 Rxd3 36. Ra1 Rc3 37. h3 g5 38. Rd1 Kg7 39. Rd6 b5 40. Rb6 Rxa3 41. Rxb5 Rb3 42. Kh2 Rb2 43. Ra5 Rxb4 44. Ra7 Rb2 45. Kg1 Rb1+ 46. Kh2 Rb2 47. Kg1 Ra2 48. Bf1 Ra1 49. Kg2 Ne4 50. Bc4 Nd6 51. Bd5 Rd1 52. Ba2 Rd4 53. Rd7 Kf6 54. Bxf7 a3 55. Bg8 Rd2 56. Ra7 Ne4 57. Ra6+ Kg7 58. Bc4 Rxf2+ 59. Kg1 Rc2 60. Bd5 Nc3 61. Ra7+ Kf6 62. Ra6+ Ke5 63. Bb3 Rc1+ 64. Kf2 a2 65. Bxa2 Rc2+ 66. Kf3 Rxa2 67. Rxh6 Ne4 68. h4 Ra3+ 69. Ke2 Nxg3+ 70. Kf2 Ne4+ 71. Kg2 g4 72. Rh8 Ra2+ 73. Kg1 Kf4 74. h5 Ng5 75. h6 Nf3+ 76. Kf1 Kg3 0-1


[Site "https://www.chess.com"]

[Event "Titled Tuesday Blitz November 2 2021"]
[White "Balabayeva, Xeniya"]
[Black "Kadam, Om Manish"]
[WhiteFideId "13719688"]
[BlackFideId "45076294"]
[WhiteElo "1965"]
[BlackElo "1729"]
[Result "1-0"]
[Round "09"]
[TimeControl "180+1"]
[Date "2021.11.02"]
[WhiteClock "0:00:30"]
[BlackClock "0:00:14"]

1. e4 c6 2. Nf3 d5 3. d3 dxe4 4. dxe4 Qxd1+ 5. Kxd1 Bg4 6. Be2 Nd7 7. Ne1 Bxe2+ 8. Kxe2 e5 9. f3 Ne7 10. Be3 f5 11. Nc3 f4 12. Bf2 Ng6 13. Nd3 O-O-O 14. a4 a6 15. a5 Bd6 16. Rhd1 Bc7 17. b4 h5 18. Na4 Bd6 19. Rab1 Ngf8 20. c4 Ne6 21. b5 Kc7 22. bxa6 bxa6 23. c5 Be7 24. Rdc1 Bf6 25. Nb6 Ndf8 26. Nb4 Kb7 27. Nc4 Nd4+ 28. Bxd4 Rxd4 29. Nc2+ Kc7 30. Nxd4 exd4 31. Nd6 Ne6 32. Rb7+ Kd8 33. Ra7 Rh7 34. Rb1 Nc7 35. Rb8+ Kd7 36. Ne8 Be5 37. Nxc7 Bxc7 38. Rbb7 d3+ 1-0


[Site "https://www.chess.com"]

[Event "Titled Tuesday Blitz November 2 2021"]
[White "Wagner, Dinara"]
[Black "Gritsenko, Nikolai"]
[WhiteFideId "24157570"]
[BlackFideId "14112493"]
[WhiteElo "2216"]
[BlackElo "2389"]
[Result "0-1"]
[Round "09"]
[TimeControl "180+1"]
[Date "2021.11.02"]
[WhiteClock "0:00:15"]
[BlackClock "0:00:17"]

1. d4 d5 2. c4 Nc6 3. Nf3 Bg4 4. cxd5 Bxf3 5. dxc6 Bxc6 6. Nc3 e6 7. Bf4 Bd6 8. Bxd6 Qxd6 9. e3 a6 10. Qg4 g6 11. Be2 h5 12. Qg5 h4 13. h3 Kf8 14. O-O Kg7 15. Rad1 Nf6 16. f4 Ne4 17. Nxe4 Bxe4 18. Bf3 Bxf3 19. Rxf3 Rh5 20. Qg4 f5 21. Qxh5 gxh5 22. Rf2 Kf6 23. Rc2 c6 24. Rdc1 Rg8 25. Kh2 Qd5 26. b3 Rg3 27. Re2 Qe4 28. Rc3 a5 29. a4 Kf7 30. Kg1 Ke7 31. Kh2 Kd6 32. Kg1 Kc7 33. Kh2 Kb6 34. Kg1 Qd5 35. Kh2 Qd6 36. Rec2 Qa3 37. Kg1 Qb4 38. Kh2 Qa3 39. Kg1 Qd6 40. Kh2 Qd5 41. Kg1 Qe4 42. Re2 Kc7 43. Kh2 Kd6 44. Kg1 b5 45. axb5 cxb5 46. Kh2 b4 47. Rc5 Rxe3 48. Rf2 Re2 49. Rxe2 Qxe2 50. Rxa5 Qf2 51. Ra6+ Kd5 52. Rb6 Qxf4+ 53. Kg1 Qxd4+ 54. Kf1 Qxb6 55. Ke2 Ke4 0-1


[Site "https://www.chess.com"]